 Dungeon Crawl Stone Soup version 0.31.0-4-g52a2dc7128 (webtiles) character file.

Game seed: 12747060871537417403

814 Arctor the Shooter (level 8, 0/46 HPs)
             Began as a Kobold Hexslinger on Jan 23, 2024.
             Was an Initiate of Okawaru.
             Slain by a white imp (2 damage)
             ... on level 5 of the Dungeon.
             The game lasted 00:08:13 (3767 turns).

Arctor the Shooter (Kobold Hexslinger)              Turns: 3767, Time: 00:08:14

Health: 0/46       AC:  3    Str:  5    XL:     8   Next: 15%
Magic:  12/12      EV: 17    Int: 15    God:    Okawaru [......]
Gold:   185        SH:  0    Dex: 19    Spells: 11/13 levels left

rFire   . . .        a - +1 sling
rCold   . . .        (no shield)
rNeg    . . .        c - +0 robe
rPois   .            m - +0 helmet
rElec   .            (no cloak)
rCorr   .            (no gloves)
SInv    .            (no boots)
Will    .....        n - amulet of magic regeneration
Stlth   +++          e - ring of flight
HPRegen 0.27/turn    (no ring)
MPRegen 0.53/turn

%: no passive effects
@: weak-willed, flying
A: small, no large weapons, nightstalker 3
a: Renounce Religion


You were on level 5 of the Dungeon.
You worshipped Okawaru.
Okawaru was noncommittal.
You visited 2 branches of the dungeon, and saw 7 of its levels.

You collected 185 gold pieces.

Inventory:

Hand Weapons
 a - a +1 sling (weapon)
Armour
 c - a +0 robe (worn)
 d - the +1 scale mail of Sukluju {*Slow Str+3 Dex+6 Slay+3}
   (You found it on level 2 of the Dungeon)

   Str+3:     It affects your strength (+3).
   Dex+6:     It affects your dexterity (+6).
   Slay+3:    It affects your accuracy & damage with ranged weapons and melee
   (+3).
   *Slow:     It may slow you when you take damage.
 m - a +0 helmet (worn)
Magical Staves
 h - a staff of conjuration
Jewellery
 e - a ring of flight (left hand)
 n - an amulet of magic regeneration (around neck)
Wands
 l - a wand of flame (22)
Scrolls
 b - a scroll of poison
 f - a scroll of fog
 g - a scroll of identify
 i - 2 scrolls of blinking
 p - a scroll of immolation
Potions
 k - 3 potions of curing


   Skills:
 - Level 3.4 Fighting
 + Level 6.1 Ranged Weapons
 + Level 2.0 Armour
 - Level 4.4 Dodging
 - Level 3.1 Spellcasting
 + Level 5.1 Hexes
 - Level 1.3 Fire Magic


You had 11 spell levels left.
You knew the following spells:

 Your Spells              Type           Power      Damage    Failure   Level
a - Jinxbite              Hex            34%        N/A       3%          2

Your spell library contained the following spells:

 Spells                   Type           Power      Damage    Failure   Level
 Sigil of Binding         Hex            17%        N/A       8%          3
 Inner Flame              Hex/Fire       12%        N/A       16%         3
 Freeze                   Ice            8%         1d3       21%         1
 Sandblast                Erth           4%         2d4       21%         1
 Cause Fear               Hex            8%         N/A       24%         4
 Blink                    Tloc           4%         N/A       30%         2
 Lesser Beckoning         Tloc           4%         N/A       30%         2
 Momentum Strike          Conj/Tloc      4%         3d8       30%         2
 Frozen Ramparts          Ice            4%         1d1       52%         3
 Gell's Gravitas          Tloc           2%         N/A       52%         3
 Hailstorm                Conj/Ice       2%         3d5       52%         3
 Passwall                 Erth           2%         N/A       52%         3
 Stone Arrow              Conj/Erth      4%         3d7       52%         3
 Teleport Other           Tloc           2%         N/A       52%         3
 Anguish                  Hex/Necr       5%         N/A       56%         4
 Dimensional Bullseye     Hex/Tloc       5%         N/A       56%         4
 Brom's Barrelling Bould  Conj/Erth      2%         2d3       89%         4
 Enfeeble                 Hex            8%         N/A       100%        7


Dungeon Overview and Level Annotations

Branches:
Dungeon (6/15)             Temple (1/1) D:4

Altars:
Ashenzari
Cheibriados
Dithmenos
Elyvilon
Fedhas
Gozag
Hepliaklqana
Kikubaaqudgha
Makhleb
Nemelex Xobeh
Okawaru
Qazlal
Ru
Sif Muna
Trog
Uskayaw
Vehumet
Wu Jian
Yredelemnul
Zin
The Shining One

Shops:
D:4 :


Innate Abilities, Weirdness & Mutations

You are small and have problems with some larger weapons.
You are completely attuned to the shadows.


Message History

The hound barely misses you.
An iguana comes into view.
Unknown command.
You shoot a sling bullet. The sling bullet hits the phantom.
The phantom is heavily damaged.
You shoot a sling bullet. The sling bullet hits the phantom.
The phantom is severely damaged.
The hound seems less drained.
The phantom misses you. The phantom barely misses you.
You shoot a sling bullet.
The sling bullet barely misses the phantom.
The sling bullet hits the scorpion but does no damage.
The scorpion is severely wounded.
The scorpion seems less drained.
The phantom barely misses you. The iguana bites you.
Unknown command.
You shoot a sling bullet. The sling bullet hits the phantom.
The phantom is almost destroyed.
The phantom barely misses you. The iguana closely misses you.
You shoot a sling bullet.
The sling bullet hits the phantom but does no damage.
The phantom is almost destroyed.
The phantom hits you.
The phantom blinks!
You blink.
Unknown command.
You shoot a sling bullet.
The sling bullet closely misses the phantom.
The phantom hits you.
The phantom blinks!
You blink.
The white imp closely misses you. The iguana bites you!
The scorpion stings you!
* * * LOW HITPOINT WARNING * * *
The hound bites you.
* * * LOW HITPOINT WARNING * * *
You shoot a sling bullet.
The sling bullet barely misses the iguana.
The hound completely misses you.
The scorpion stings you but does no damage.
The phantom hits you.
* * * LOW HITPOINT WARNING * * *
The white imp hits you.
You die...

#.########.####
#.# #.# #. #.#
#.# #§# #####.
#.##### ......
#.#.§.# #.####
##.hs5.# #.#
#..W@..# #.#
####l#### #..
....§....
#.#.#.#.# #...
...# # ####
####
########.##
#..#hl<....
#.>.r###.##
#...## ..


You could see a phantom, a scorpion, an iguana, a hound and a white imp.

Vanquished Creatures
  2 black bears (D:4)
  2 phantoms
  3 wights (D:5)
  2 howler monkeys
  A jelly (D:4)
  2 hounds
  An iguana (D:3)
  A sleepcap (D:4)
  4 adders
  A dart slug (D:2)
  3 ribbon worms
  8 orcs
  7 endoplasms
  2 giant cockroaches
  2 goblins
  7 hobgoblins
  2 quokkas (D:1)
  4 ball pythons
  6 bats
  2 frilled lizards
  3 kobolds
  5 rats
70 creatures vanquished.

Notes
Turn   | Place    | Note
-------+----------+-------------------------------------------
     0 | D:1      | Arctor the Kobold Hexslinger began the quest for the Orb.
     0 | D:1      | Reached XP level 1. HP: 12/12 MP: 2/2
   120 | D:1      | Reached XP level 2. HP: 16/16 MP: 3/3
   153 | D:1      | Learned a level 2 spell: Jinxbite
   427 | D:1      | Reached skill level 3 in Ranged Weapons
   613 | D:2      | Identified a scroll of acquirement
   613 | D:2      | Acquired a book of Hexes
   665 | D:2      | Reached XP level 3. HP: 21/21 MP: 2/5
   701 | D:2      | Reached XP level 4. HP: 26/26 MP: 6/6
  1033 | D:2      | Identified the +1 scale mail of Sukluju {*Slow Str+3 Dex+6
                  | Slay+3}
  1654 | D:3      | You are sucked into a shaft and drop 3 floors!
  1659 | D:6      | Noticed a centaur
  1706 | D:6      | Noticed a sky beast
  1797 | D:5      | Entered Level 5 of the Dungeon
  1797 | D:5      | Noticed a black bear
  1824 | D:4      | Found a glowing silver altar of Zin.
  1862 | D:4      | Reached XP level 5. HP: 30/30 MP: 8/8
  1971 | D:4      | Noticed a black bear
  1980 | D:4      | Killed a black bear
  1981 | D:4      | Reached skill level 4 in Ranged Weapons
  1981 | D:4      | Reached XP level 6. HP: 26/36 MP: 9/9
  2040 | D:4      | Found a staircase to the Ecumenical Temple.
  2040 | D:4      | Noticed a black bear
  2066 | D:4      | Killed a black bear
  2303 | Temple   | Entered the Ecumenical Temple
  2365 | D:4      | Reached XP level 7. HP: 34/41 MP: 11/11
  2548 | D:4      | Found an opulent altar of Gozag.
  2551 | D:4      | Found a hazy altar of Hepliaklqana.
  2553 | D:4      | Found an ornate altar of the Wu Jian Council.
  2554 | D:4      | Found a glowing golden altar of the Shining One.
  2558 | D:4      | Found a burning altar of Makhleb.
  2560 | D:4      | Found an iron altar of Okawaru.
  2561 | D:4      | Found a shadowy altar of Dithmenos.
  2565 | D:4      | Became a worshipper of Warmaster Okawaru
  3293 | D:4      | Reached skill level 5 in Ranged Weapons
  3310 | D:4      | Found Kuosmiuv's Book Shoppe.
  3545 | D:5      | Reached skill level 1 in Armour
  3596 | D:5      | Reached XP level 8. HP: 17/46 MP: 12/12
  3599 | D:5      | Reached skill level 6 in Ranged Weapons
  3599 | D:5      | Reached skill level 5 in Hexes
  3767 | D:5      | HP: 2/46 [phantom (4)]
  3767 | D:5      | Slain by a white imp

Illustrated notes

Levels and vault maps discovered:
D:1:      scummos_arrival_hexagon, layout_rooms
D:2:      layout_basic
D:3:      layout_rooms
D:4:      layout_basic, nicolae_overflow_hallway_of_the_gods,
          minmay_temple_entry_arrows, serial_shops, shop
D:5:      layout_loops_ring, hangedman_minor_gate_pass
D:6:      layout_cave_pods, mainiacjoe_overflow_concentric_impassable
Temple:   cyrus_circular_temple

Skill      XL: |  1  2  3  4  5  6  7  8 |
---------------+-------------------------+-----
Ranged Weapons | 3 4 5 6 |  6.1
Dodging        | 3 4 |  4.4
Fighting       | 2 3 |  3.4
Spellcasting   | 2 3 |  3.1
Hexes          | 4 5 |  5.1
Armour         | 1 2 |  2.0
Fire Magic     | |  1.3

Action                     |  1- 3 |  4- 6 |  7- 9 || total
---------------------------+-------+-------+-------++-------
   Fire: Sling             |    50 |   139 |   116 ||   305
   Cast: Jinxbite          |     1 |    11 |     5 ||    17
    Use: Scroll            |     1 |     8 |     1 ||    10
         Potion            |       |     3 |       ||     3
 Armour: Robe              |     7 |    78 |    30 ||   115
         Scale mail        |       |       |    31 ||    31
  Dodge: Dodged            |    24 |   109 |    68 ||   201
